[Event "Titled Tuesday Blitz January 18 2022"]
[White "Gelman, Alexander"]
[Black "Jakubowski, Krzysztof"]
[WhiteFideId "4118316"]
[BlackFideId "1112848"]
[WhiteElo "2375"]
[BlackElo "2365"]
[Result "1-0"]
[Round "03"]
[TimeControl "180+1"]
[Date "2022.01.18"]
[WhiteClock "0:00:19"]
[BlackClock "0:00:03"]

1. d4 Nf6 2. Nc3 d5 3. Bf4 e6 4. Nb5 Na6 5. e3 Be7 6. g4 O-O 7. g5 Ne4 8. f3 Nd6 9. h4 Bd7 10. Nxd6 Bxd6 11. Bxd6 cxd6 12. f4 Qb6 13. Bd3 Qxb2 14. Rb1 Qc3+ 15. Kf2 Nb4 16. Ne2 Nxd3+ 17. cxd3 Qc8 18. h5 e5 19. dxe5 dxe5 20. fxe5 Bg4 21. Qa4 Bxe2 22. Kxe2 d4 23. Qxd4 Qc2+ 24. Kf3 Rad8 25. Qe4 Qxd3 26. Rxb7 Rfe8 27. h6 Qxe4+ 28. Kxe4 a5 29. Rc1 Re6 30. Rcc7 Rde8 31. Rxf7 Rxe5+ 32. Kd4 Re4+ 33. Kc5 R8e5+ 34. Kb6 Re6+ 35. Ka7 gxh6 36. Rg7+ Kf8 37. Rxh7 1-0


[Site "https://www.chess.com"]

[Event "Titled Tuesday Blitz January 18 2022"]
[White "Goltsev, Dmitry"]
[Black "Quirke, Jeffrey"]
[WhiteFideId "24176710"]
[BlackFideId "2013029"]
[WhiteElo "2273"]
[BlackElo "2150"]
[Result "1-0"]
[Round "03"]
[TimeControl "180+1"]
[Date "2022.01.18"]
[WhiteClock "0:01:27"]
[BlackClock "0:00:01"]

1. e4 c6 2. d4 d5 3. Nc3 dxe4 4. Nxe4 Bf5 5. Ng3 Bg6 6. Nf3 e6 7. h4 h6 8. h5 Bh7 9. Bd3 Bxd3 10. Qxd3 Nf6 11. Bd2 c5 12. O-O-O Nc6 13. Be3 Qa5 14. a3 Rd8 15. Qc4 b5 16. Qe2 c4 17. c3 Nd5 18. Ne4 Be7 19. g4 Qc7 20. Qc2 Na5 21. g5 hxg5 22. Nfxg5 Nb3+ 23. Kb1 a5 24. Nf3 b4 25. cxb4 axb4 26. Ne5 bxa3 27. Qxc4 a2+ 28. Kxa2 Ra8+ 29. Kxb3 Qb7+ 30. Kc2 Rc8 31. Nc5 Bxc5 32. dxc5 Nxe3+ 33. fxe3 Qg2+ 34. Kb1 O-O 35. Rdg1 Qf2 36. h6 g6 37. h7+ Kh8 38. Qd4 Qf5+ 39. e4 Qf6 40. Rf1 Qg7 41. Rxf7 Rxf7 42. Nxf7# 1-0


[Site "https://www.chess.com"]

[Event "Titled Tuesday Blitz January 18 2022"]
[White "Gontcharov, Vladislav"]
[Black "Krivonosov, Oleg"]
[WhiteFideId "4123492"]
[BlackFideId "11600349"]
[WhiteElo "2503"]
[BlackElo "2455"]
[Result "1-0"]
[Round "03"]
[TimeControl "180+1"]
[Date "2022.01.18"]
[WhiteClock "0:00:26"]
[BlackClock "0:00:09"]

1. Nf3 d5 2. c4 e6 3. d4 Nf6 4. Nc3 Be7 5. cxd5 exd5 6. Bg5 c6 7. e3 Bf5 8. Be2 Nbd7 9. O-O h6 10. Bh4 O-O 11. a3 a5 12. Nd2 Re8 13. Bg3 Nb6 14. Qc1 Bd6 15. b3 Bxg3 16. hxg3 Nc8 17. b4 axb4 18. axb4 Nd6 19. Rxa8 Qxa8 20. b5 Nfe4 21. Ndxe4 Nxe4 22. bxc6 bxc6 23. Nxe4 Bxe4 24. Qc5 Rb8 25. Bf3 Bxf3 26. gxf3 Qb7 27. Kg2 h5 28. Qd6 Rc8 29. Rh1 Qc7 30. Qxc7 Rxc7 31. Rxh5 g6 32. Rh1 c5 33. Rc1 c4 34. e4 c3 35. e5 Rc4 36. Kf1 Rxd4 37. Rxc3 Kg7 38. Ke2 Ra4 39. Rd3 Ra5 40. Ke3 g5 41. f4 Kg6 42. fxg5 Kxg5 43. f4+ Kf5 44. Kd4 Ke6 45. Rb3 Ra4+ 46. Kd3 Ra6 47. Ke3 Kf5 48. Kf3 Ke6 49. g4 Rc6 50. Re3 d4 51. Ra3 Kd5 52. Ra5+ Kc4 53. Ke4 d3 54. Ra4+ Kc3 55. Ra3+ 1-0


[Site "https://www.chess.com"]

[Event "Titled Tuesday Blitz January 18 2022"]
[White "Gracia Alvarez, Gerardo Antonio"]
[Black "Pranav, V"]
[WhiteFideId "5109124"]
[BlackFideId "25060783"]
[WhiteElo "2139"]
[BlackElo "2349"]
[Result "0-1"]
[Round "03"]
[TimeControl "180+1"]
[Date "2022.01.18"]
[WhiteClock "0:00:14"]
[BlackClock "0:00:55"]

1. e4 e5 2. Nf3 Nc6 3. Bc4 Nf6 4. d3 Be7 5. O-O O-O 6. Nc3 d6 7. a3 Be6 8. Nd5 h6 9. c3 a6 10. Re1 Nd7 11. Ba2 Re8 12. d4 Bf8 13. h3 exd4 14. cxd4 Bxd5 15. Bxd5 Nf6 16. Bxc6 bxc6 17. Qc2 Qd7 18. Bd2 Rab8 19. Rac1 c5 20. dxc5 dxc5 21. Bc3 Qe6 22. Re2 Nh5 23. Re3 Nf4 24. Nh2 c4 25. Bd4 Qg6 26. Rg3 Qxe4 27. Qxe4 Rxe4 0-1


[Site "https://www.chess.com"]

[Event "Titled Tuesday Blitz January 18 2022"]
[White "Grunberg, Mihai-Lucian"]
[Black "Lenderman, Aleksandr"]
[WhiteFideId "1204149"]
[BlackFideId "2021285"]
[WhiteElo "2364"]
[BlackElo "2651"]
[Result "0-1"]
[Round "03"]
[TimeControl "180+1"]
[Date "2022.01.18"]
[WhiteClock "0:00:12"]
[BlackClock "0:01:26"]

1. Nf3 e6 2. c4 b6 3. g3 Bb7 4. Bg2 Nf6 5. O-O g6 6. d4 Bg7 7. Nc3 Ne4 8. Bd2 O-O 9. Rc1 d6 10. Be1 Nd7 11. d5 Nxc3 12. Bxc3 e5 13. b4 a5 14. a3 axb4 15. axb4 Ra3 16. Bb2 Ra2 17. Qb3 Ra8 18. e4 f5 19. Ne1 f4 20. Nd3 f3 21. Bh3 Nf6 22. Rfe1 Bc8 23. Bf1 Ng4 24. c5 Qg5 25. cxb6 cxb6 26. Rc7 Qh5 27. h3 Nf6 28. h4 g5 29. Nxe5 dxe5 30. d6+ Kh8 31. Bxe5 gxh4 32. Qc3 hxg3 33. Bxg3 Bh3 34. Bb5 Qxb5 0-1


[Site "https://www.chess.com"]

[Event "Titled Tuesday Blitz January 18 2022"]
[White "Guz, Ari"]
[Black "Kaganskiy, Gleb"]
[WhiteFideId "2825759"]
[BlackFideId "4132025"]
[WhiteElo "1913"]
[BlackElo "2165"]
[Result "1-0"]
[Round "03"]
[TimeControl "180+1"]
[Date "2022.01.18"]
[WhiteClock "0:00:21"]
[BlackClock "0:00:41"]

1. e4 e5 2. Nf3 Nc6 3. Bb5 a6 4. Ba4 Nf6 5. O-O Be7 6. c3 b5 7. Bc2 O-O 8. d4 d6 9. h3 Re8 10. Be3 Bf8 11. d5 Nb8 12. a4 Bb7 13. axb5 axb5 14. Rxa8 Bxa8 15. Na3 c6 16. dxc6 Bxc6 17. Nd2 Nbd7 18. Qe2 Qb8 19. b4 d5 20. exd5 Nxd5 21. Rc1 Nxe3 22. Qxe3 g6 23. Be4 Qb7 24. Bxc6 Qxc6 25. Qe4 Qa6 26. Ra1 Bg7 27. Qd5 Nf6 28. Qxb5 Qe6 29. Qc4 Qf5 30. Nb5 Rc8 31. Qe2 Ne8 32. Ne4 Qd7 33. Ra7 Qd5 34. Qa2 Qd1+ 35. Kh2 Qd3 36. Qxf7+ Kh8 37. Nbd6 1-0


[Site "https://www.chess.com"]

[Event "Titled Tuesday Blitz January 18 2022"]
[White "Halkias, Stelios"]
[Black "Pichot, Alan"]
[WhiteFideId "4201809"]
[BlackFideId "110973"]
[WhiteElo "2453"]
[BlackElo "2543"]
[Result "0-1"]
[Round "03"]
[TimeControl "180+1"]
[Date "2022.01.18"]
[WhiteClock "0:00:12"]
[BlackClock "0:00:06"]

1. e4 c5 2. Nc3 e6 3. Nf3 Nc6 4. d4 cxd4 5. Nxd4 Qc7 6. Be3 a6 7. Nxc6 bxc6 8. Qf3 Nf6 9. Qg3 d6 10. O-O-O Rb8 11. Bc4 h5 12. f3 Be7 13. Bb3 a5 14. h4 O-O 15. Bh6 Ne8 16. Bg5 e5 17. Bxe7 Qxe7 18. Qg5 Qxg5+ 19. hxg5 g6 20. Rd2 Be6 21. g4 Bxb3 22. axb3 hxg4 23. fxg4 Rd8 24. Rh6 f6 25. Rdh2 Kf7 26. Rh7+ Ke6 27. Ra7 fxg5 28. Rhh7 Kf6 29. Nd1 d5 30. exd5 cxd5 31. Ne3 Rd6 32. c4 dxc4 33. bxc4 e4 34. Rae7 Re6 35. Nd5+ Ke5 36. Rxe6+ Kxe6 37. Re7+ Kd6 38. Rxe4 Ng7 39. Re2 Ne6 40. Rd2 Kc5 41. b3 Nd4 42. Kb2 Rf3 43. Nc3 Nc6 44. Ne4+ Kb4 45. Rd5 Rxb3+ 46. Kc2 Rf3 47. Rb5+ Kxc4 48. Rc5+ Kd4 49. Rxc6 Kxe4 50. Rxg6 Kf4 51. Ra6 Ra3 52. Kd2 Kxg4 53. Ke2 Kg3 54. Kf1 g4 55. Re6 Ra1+ 56. Ke2 Kg2 57. Rg6 g3 58. Kd3 Ra3+ 59. Ke4 Ra2 60. Kf4 Kf2 61. Rxg3 Ra4+ 62. Ke5 Kxg3 63. Kd5 Rb4 64. Kc5 Rb8 0-1


[Site "https://www.chess.com"]

[Event "Titled Tuesday Blitz January 18 2022"]
[White "Hamley, Ryan"]
[Black "Corrales Jimenez, Fidel"]
[WhiteFideId "30959497"]
[BlackFideId "3506690"]
[WhiteElo "2505"]
[BlackElo "2541"]
[Result "0-1"]
[Round "03"]
[TimeControl "180+1"]
[Date "2022.01.18"]
[WhiteClock "0:00:15"]
[BlackClock "0:01:18"]

1. e4 c5 2. Nf3 e6 3. g3 Nc6 4. Bg2 g6 5. O-O Bg7 6. c3 Nge7 7. d4 cxd4 8. cxd4 d5 9. e5 Qb6 10. Nc3 a6 11. b3 Nf5 12. Ne2 O-O 13. g4 Nfe7 14. Ba3 Bd7 15. Qd2 f6 16. Bc5 Qd8 17. exf6 Rxf6 18. Ne5 Nxe5 19. dxe5 Rf7 20. f4 Nc6 21. Nd4 Qh4 22. h3 Bf8 23. Bxf8 Raxf8 24. Rac1 Nxd4 25. Qxd4 Bb5 26. Rf3 g5 27. f5 Rxf5 28. Rxf5 Rxf5 29. Qb6 Rf7 30. Qxe6 Qf2+ 31. Kh1 Bd7 32. Qxd5 Qf4 33. Rd1 Bc6 34. Qd8+ Rf8 35. Qd2 Bxg2+ 36. Qxg2 b5 37. e6 Qe5 38. Rd5 Qe1+ 39. Kh2 Rf2 40. Rxg5+ Kh8 0-1


[Site "https://www.chess.com"]

[Event "Titled Tuesday Blitz January 18 2022"]
[White "Harshavardhan G B"]
[Black "Koutlas, Nikolaos"]
[WhiteFideId "25059009"]
[BlackFideId "25827138"]
[WhiteElo "1831"]
[BlackElo "1610"]
[Result "1-0"]
[Round "03"]
[TimeControl "180+1"]
[Date "2022.01.18"]
[WhiteClock "0:00:52"]
[BlackClock "0:00:01"]

1. e4 c5 2. Nf3 d6 3. d4 cxd4 4. Nxd4 Nf6 5. Nc3 a6 6. Qf3 e6 7. Be3 Nbd7 8. h3 b5 9. g4 Bb7 10. g5 b4 11. gxf6 Nxf6 12. Nd5 exd5 13. O-O-O dxe4 14. Qg3 Bd5 15. Bg5 Qa5 16. Bxf6 gxf6 17. Qf4 h5 18. Qxf6 Bh6+ 19. Rd2 Bxd2+ 20. Kxd2 b3+ 21. c3 bxa2 22. Nf5 Qc7 23. Bxa6 O-O 24. Qg7# 1-0


[Site "https://www.chess.com"]

[Event "Titled Tuesday Blitz January 18 2022"]
[White "Holt, Conrad"]
[Black "Gubajdullin, Alexei"]
[WhiteFideId "2034387"]
[BlackFideId "4141202"]
[WhiteElo "2586"]
[BlackElo "2268"]
[Result "0-1"]
[Round "03"]
[TimeControl "180+1"]
[Date "2022.01.18"]
[WhiteClock "0:00:09"]
[BlackClock "0:00:13"]

1. d4 Nf6 2. c4 g6 3. Nc3 Bg7 4. e4 d6 5. Nf3 O-O 6. h3 Na6 7. Bg5 h6 8. Be3 c5 9. d5 e6 10. Be2 exd5 11. cxd5 Re8 12. Nd2 Nc7 13. a4 b6 14. O-O g5 15. Qc2 Nd7 16. f4 gxf4 17. Rxf4 Ne5 18. Raf1 Rf8 19. Nc4 Ng6 20. R4f2 Ba6 21. Qd2 Kh7 22. Rf5 Bxc4 23. Bxc4 Qh4 24. Rxf7 Rxf7 25. Rxf7 Ne5 26. Rxc7 Nxc4 27. Qd3 Qe1+ 28. Kh2 Nxe3 29. e5+ Kh8 30. Rxg7 Kxg7 31. e6 Rf8 32. e7 Re8 33. Nb5 Rxe7 34. Nxd6 Nf1+ 35. Kh1 Ng3+ 36. Kh2 Nf1+ 37. Kh1 Ne3+ 38. Kh2 Qf2 39. Nf5+ Nxf5 40. d6 Qf4+ 41. Kg1 Re1+ 0-1


[Site "https://www.chess.com"]

[Event "Titled Tuesday Blitz January 18 2022"]
[White "Howell, David W L"]
[Black "Jakubowska, Anna"]
[WhiteFideId "410608"]
[BlackFideId "1121952"]
[WhiteElo "2559"]
[BlackElo "1924"]
[Result "1-0"]
[Round "03"]
[TimeControl "180+1"]
[Date "2022.01.18"]
[WhiteClock "0:00:47"]
[BlackClock "0:00:09"]

1. e4 c6 2. d4 d5 3. e5 Bf5 4. Nc3 e6 5. g4 Bg6 6. Nge2 c5 7. Be3 Nc6 8. dxc5 Nxe5 9. Nd4 Rc8 10. f4 Nc6 11. Bb5 Bxc5 12. f5 exf5 13. gxf5 Bxd4 14. Qxd4 Bxf5 15. Qxg7 Qf6 16. Qxf6 Nxf6 17. Rf1 Ng4 18. Bxc6+ bxc6 19. Bd4 O-O 20. Rxf5 Rfe8+ 21. Kd2 c5 22. Rg5+ Kf8 23. Bg7+ Ke7 24. Rxg4 1-0


[Site "https://www.chess.com"]

[Event "Titled Tuesday Blitz January 18 2022"]
[White "Izoria, Zviad"]
[Black "Sokolovsky, Yahli"]
[WhiteFideId "13601733"]
[BlackFideId "2820242"]
[WhiteElo "2626"]
[BlackElo "1770"]
[Result "1-0"]
[Round "03"]
[TimeControl "180+1"]
[Date "2022.01.18"]
[WhiteClock "0:00:13"]
[BlackClock "0:00:07"]

1. Nf3 d5 2. e3 c6 3. c4 e6 4. d4 f5 5. Be2 Nf6 6. O-O Bd6 7. b3 Qe7 8. Bb2 O-O 9. Qc1 a5 10. Ba3 Bb4 11. Qb2 Ne4 12. Bxb4 axb4 13. a3 Bd7 14. Ne5 f4 15. f3 bxa3 16. Nxa3 Nd6 17. exf4 Rxf4 18. Qd2 Rf8 19. Nc2 Rxa1 20. Rxa1 Nf5 21. Bd3 Nd6 22. Qb4 Bc8 23. Qb6 Nf7 24. Nxf7 Qxf7 25. Re1 Nd7 26. Qc7 Nf6 27. Qd6 Ne8 28. Qe5 Qc7 29. Qxc7 Nxc7 30. Ra1 Bd7 31. Ra7 Rb8 32. Ne3 Bc8 33. Ng4 Ra8 34. Rxa8 Nxa8 35. c5 Nc7 36. Kf2 Ne8 37. Ke3 Nf6 38. Ne5 Nd7 39. Nxd7 Bxd7 40. Kf4 Kf7 41. Ke5 Ke7 42. Bxh7 Be8 43. Bd3 Bf7 44. h4 g6 45. g4 Be8 46. f4 Bf7 47. b4 Be8 48. f5 gxf5 49. gxf5 Bf7 50. fxe6 Bxe6 51. Bf5 Bf7 52. Bc8 Kd8 53. Bxb7 Kc7 54. Ba6 Bh5 55. Bd3 Bf3 56. b5 cxb5 57. Bxb5 Bg2 58. Bd3 Kd7 59. Bf5+ Kc6 60. Be6 Bf3 61. Bf7 Bg2 62. h5 Bf3 63. h6 Be4 64. Bxd5+ 1-0


[Site "https://www.chess.com"]

[Event "Titled Tuesday Blitz January 18 2022"]
[White "Jobava, Baadur"]
[Black "Kavyev, Ruslan"]
[WhiteFideId "13601520"]
[BlackFideId "34110981"]
[WhiteElo "2617"]
[BlackElo "2182"]
[Result "1-0"]
[Round "03"]
[TimeControl "180+1"]
[Date "2022.01.18"]
[WhiteClock "0:00:36"]
[BlackClock "0:00:11"]

1. d4 Nf6 2. Nc3 d5 3. Bf4 a6 4. e3 e6 5. a3 c5 6. h3 Nc6 7. Nf3 Be7 8. dxc5 Bxc5 9. Bd3 O-O 10. O-O b5 11. e4 dxe4 12. Nxe4 Be7 13. Qe2 Bb7 14. Rad1 Qb6 15. Nfg5 g6 16. c3 Rad8 17. Nxf6+ Bxf6 18. Ne4 Bg7 19. Bg5 f6 20. Be3 Qc7 21. Nc5 Bc8 22. a4 Qb8 23. axb5 axb5 24. Bxb5 Ne5 25. b4 f5 26. Bf4 h6 27. Bc4 g5 28. Nxe6 Rxd1 29. Nxf8+ Kxf8 30. Rxd1 gxf4 31. Rd8+ Ke7 32. Rg8 Kf6 33. Ba6 f3 34. gxf3 Qa8 35. Rxc8 Nxf3+ 36. Kh1 Qd5 37. Bc4 Qb7 38. Qe6+ Kg5 39. Qc6 Qxc6 40. Rxc6 Bxc3 41. Bd5 1-0


[Site "https://www.chess.com"]

[Event "Titled Tuesday Blitz January 18 2022"]
[White "Kadam, Om Manish"]
[Black "Yeletsky, Ivan"]
[WhiteFideId "45076294"]
[BlackFideId "24180327"]
[WhiteElo "1729"]
[BlackElo "2348"]
[Result "1-0"]
[Round "03"]
[TimeControl "180+1"]
[Date "2022.01.18"]
[WhiteClock "0:00:44"]
[BlackClock "0:00:03"]

1. e4 Nf6 2. e5 Nd5 3. d4 d6 4. c4 Nb6 5. exd6 exd6 6. Nc3 Be7 7. Nf3 Bg4 8. h3 Bxf3 9. Qxf3 Nc6 10. Be3 O-O 11. Bd3 Bf6 12. O-O Bxd4 13. Bxd4 Re8 14. Be3 Qh4 15. Rad1 Nxc4 16. g3 N6e5 17. Qxb7 Qxh3 18. Bxc4 Nxc4 19. Bc1 Ne5 20. Bf4 Ng6 21. Bc1 Ne5 22. Qg2 Qh5 23. f3 Qg6 24. f4 Ng4 25. Rfe1 Qh5 26. Nd5 c6 27. Ne3 Qc5 28. Qf3 h5 29. Kg2 Nf6 30. Qf2 Ne4 31. Qc2 Qb5 32. Nc4 d5 33. Ne5 Rac8 34. Qe2 Qb7 35. Qxh5 f6 36. Ng6 c5 37. Qxd5+ Qxd5 38. Rxd5 Kf7 39. f5 Rb8 40. Rd7+ Kg8 41. Rh1 1-0


[Site "https://www.chess.com"]

[Event "Titled Tuesday Blitz January 18 2022"]
[White "Kahlert, Thomas"]
[Black "Goryachkina, Aleksandra"]
[WhiteFideId "4625242"]
[BlackFideId "4147103"]
[WhiteElo "2228"]
[BlackElo "2426"]
[Result "0-1"]
[Round "03"]
[TimeControl "180+1"]
[Date "2022.01.18"]
[WhiteClock "0:01:06"]
[BlackClock "0:00:49"]

1. d4 d5 2. Nf3 Nf6 3. c4 dxc4 4. e3 e6 5. Bxc4 c5 6. O-O Nc6 7. Nc3 a6 8. a4 Be7 9. Qe2 O-O 10. Rd1 Qc7 11. Bd2 b6 12. Rac1 Bb7 13. d5 exd5 14. Bxd5 Rad8 15. e4 Nb4 16. Bxb7 Qxb7 17. Bg5 h6 18. Bxf6 Bxf6 19. Nd5 Nxd5 20. exd5 Rxd5 21. Rxd5 Qxd5 22. Qxa6 Bxb2 23. Rb1 Qa2 24. Rd1 c4 25. Qxb6 c3 26. Nd4 Qxa4 27. Rf1 g6 28. g3 Rc8 29. Qb7 Qc4 30. Nc2 Re8 31. Qd7 Re2 32. Qd8+ Kg7 33. Qd4+ Qxd4 34. Nxd4 Rd2 35. Nb3 Rd5 36. Kg2 c2 0-1


[Site "https://www.chess.com"]

[Event "Titled Tuesday Blitz January 18 2022"]
[White "Kalashian, David"]
[Black "Muradli, Mahammad"]
[WhiteFideId "13302418"]
[BlackFideId "13409301"]
[WhiteElo "2490"]
[BlackElo "2645"]
[Result "1-0"]
[Round "03"]
[TimeControl "180+1"]
[Date "2022.01.18"]
[WhiteClock "0:00:36"]
[BlackClock "0:00:05"]

1. d4 Nf6 2. c4 g6 3. Nc3 Bg7 4. e4 O-O 5. Be2 d6 6. Bg5 Na6 7. Qd2 e5 8. dxe5 dxe5 9. Qxd8 Rxd8 10. Nd5 Rd6 11. Bxf6 Bxf6 12. Nxf6+ Rxf6 13. Nf3 Bg4 14. O-O-O Bxf3 15. Bxf3 c6 16. Rd2 Kf8 17. Bg4 h5 18. Bh3 Nc5 19. f3 a5 20. Rhd1 Ke7 21. Kc2 Rf4 22. b3 f5 23. exf5 gxf5 24. Re2 e4 25. fxe4 fxe4 26. a3 Raf8 27. b4 axb4 28. axb4 Na6 29. Rd7+ Kf6 30. Kc3 c5 31. b5 Nb4 32. Rxb7 Ra8 33. Kb3 Rf1 34. Rc7 Nd3 35. Rxe4 Rfa1 36. Re6+ Kg5 37. Rg7+ Kf4 38. Rf7+ Kg5 39. Rf5+ Kh4 40. Re4+ 1-0


[Site "https://www.chess.com"]

[Event "Titled Tuesday Blitz January 18 2022"]
[White "Klenburg, Michael"]
[Black "Wong, Yinn Long"]
[WhiteFideId "14102072"]
[BlackFideId "5707684"]
[WhiteElo "2359"]
[BlackElo "2055"]
[Result "1/2-1/2"]
[Round "03"]
[TimeControl "180+1"]
[Date "2022.01.18"]
[WhiteClock "0:00:11"]
[BlackClock "0:00:09"]

1. g3 c5 2. Bg2 g6 3. e4 Bg7 4. d3 Nc6 5. f4 d6 6. Nf3 Nf6 7. O-O Bg4 8. h3 Bxf3 9. Qxf3 O-O 10. Kh2 Rc8 11. Qd1 e6 12. Nd2 d5 13. e5 Nd7 14. Nf3 f6 15. exf6 Qxf6 16. c3 Rce8 17. Bd2 Qd8 18. Qb3 Qc7 19. Rae1 Na5 20. Qa4 Nc6 21. Re2 e5 22. Rfe1 Qd8 23. Qb3 c4 24. dxc4 e4 25. cxd5 Na5 26. Qa4 exf3 27. Rxe8 Rxe8 28. Rxe8+ Qxe8 29. Bxf3 b6 30. Kg2 Nf6 31. Qxe8+ Nxe8 32. b3 Nd6 33. c4 Nab7 34. Kf2 Bd4+ 35. Be3 Bxe3+ 36. Kxe3 Nf5+ 37. Kf2 Kf7 38. g4 Nfd6 39. Ke3 Kf6 40. Kd4 g5 41. fxg5+ Kxg5 42. b4 Kf4 43. Bd1 a5 44. a3 Kg3 45. Bc2 h6 46. Bd3 axb4 47. axb4 Kxh3 48. c5 bxc5+ 49. bxc5 Ne8 50. Bf5 Kh4 51. Bc8 Nd8 52. Ke5 Kg5 53. Bd7 Nc7 54. d6 Na6 55. c6 Nxc6+ 56. Bxc6 Kxg4 57. d7 Nb8 58. Kd6 Nxd7 59. Bxd7+ Kg5 60. Be6 h5 61. Bd7 Kf4 62. Be6 h4 63. Bd7 Kg3 64. Be6 h3 65. Bxh3 1/2-1/2


[Site "https://www.chess.com"]

[Event "Titled Tuesday Blitz January 18 2022"]
[White "Kosteniuk, Alexandra"]
[Black "Martin Carmona, Gaston Manuel"]
[WhiteFideId "4128125"]
[BlackFideId "22284567"]
[WhiteElo "2469"]
[BlackElo "2161"]
[Result "1-0"]
[Round "03"]
[TimeControl "180+1"]
[Date "2022.01.18"]
[WhiteClock "0:00:39"]
[BlackClock "0:00:09"]

1. h4 h5 2. e4 e5 3. d4 exd4 4. Nf3 Nc6 5. Bc4 d6 6. Nxd4 Nf6 7. Nc3 Be7 8. Bg5 Ne5 9. Be2 Bg4 10. f3 Bd7 11. Qd2 a6 12. O-O-O c5 13. Nf5 Bxf5 14. exf5 Qa5 15. Rhe1 O-O-O 16. Kb1 Rhe8 17. f4 Nc6 18. Bc4 Rf8 19. g3 Rde8 20. a3 Nd4 21. Qg2 Qc7 22. Bxf6 Bxf6 23. Nd5 Qc6 24. c3 Rxe1 25. Rxe1 b5 26. Bd3 Re8 27. Rxe8+ Qxe8 28. cxd4 Qe1+ 29. Ka2 c4 30. Nxf6 cxd3 31. Qc6+ Kb8 32. Nd7+ 1-0


[Site "https://www.chess.com"]

[Event "Titled Tuesday Blitz January 18 2022"]
[White "Kovalev, Egor"]
[Black "Narayanan.S.L"]
[WhiteFideId "24124117"]
[BlackFideId "5058422"]
[WhiteElo "2243"]
[BlackElo "2494"]
[Result "0-1"]
[Round "03"]
[TimeControl "180+1"]
[Date "2022.01.18"]
[WhiteClock "0:00:02"]
[BlackClock "0:00:36"]

1. e4 c6 2. d4 d5 3. e5 Bf5 4. h4 h6 5. g4 Bd7 6. Nc3 e6 7. Be3 h5 8. gxh5 Nh6 9. Bh3 Qxh4 10. Qf3 Qd8 11. O-O-O c5 12. dxc5 Nc6 13. Qg3 Qa5 14. Nge2 O-O-O 15. Nd4 Nxd4 16. Bxd4 Bxc5 17. Qxg7 Be7 18. Qg3 b5 19. a3 b4 20. axb4 Bxb4 21. Kd2 Qc7 22. Qd3 Kb7 23. Ra1 a5 24. Kd1 Qc4 25. Ne2 Bb5 26. Qxc4 dxc4 27. c3 Bc6 28. Rg1 Bc5 29. Bg2 Nf5 30. Bxc6+ Kxc6 31. Rxa5 Bxd4 32. cxd4 Nxd4 33. Nxd4+ Rxd4+ 34. Kc2 Rxh5 35. Kc3 Rf4 36. Rd1 Rh3+ 37. Kb4 Rb3+ 38. Ka4 Rxb2 39. Rd6+ Kc7 40. Ra7+ Rb7 41. Rxb7+ Kxb7 42. Kb4 Kc7 43. Ra6 Kd7 44. Kc3 Ke7 45. Ra8 Rxf2 46. Kxc4 Rd2 47. Ra5 Kf8 48. Kc3 Rd8 49. Kc4 Kg7 50. Ra1 Rd5 51. Re1 Kf8 52. Kc3 Ke7 53. Kc4 Rd8 54. Re2 Kf8 55. Rg2 Rd1 56. Rg3 Rd5 57. Rg5 Ke7 58. Rh5 Rd7 59. Rg5 Kd8 60. Rg8+ Kc7 61. Rf8 Kc6 62. Rh8 Rd1 63. Rf8 Rf1 64. Kd4 Rf4+ 65. Ke3 Rf5 66. Ke4 Kb5 67. Rc8 Kb6 68. Rc1 Kb7 69. Rc2 Rh5 70. Rc3 Rh4+ 71. Kd3 Rh3+ 72. Kd4 Rxc3 73. Kxc3 Kc7 74. Kd3 Kb6 75. Kd4 Kb5 76. Kd3 Kc5 77. Ke3 Kd5 78. Kf4 Kd4 0-1


[Site "https://www.chess.com"]

[Event "Titled Tuesday Blitz January 18 2022"]
[White "Koziorowicz, Michal"]
[Black "Pultinevicius, Paulius"]
[WhiteFideId "21809194"]
[BlackFideId "12809390"]
[WhiteElo "2166"]
[BlackElo "2413"]
[Result "0-1"]
[Round "03"]
[TimeControl "180+1"]
[Date "2022.01.18"]
[WhiteClock "0:00:07"]
[BlackClock "0:01:28"]

1. e4 c6 2. d4 d5 3. e5 Bf5 4. h4 h5 5. c4 e6 6. Nc3 Bb4 7. Qb3 a5 8. a3 dxc4 9. Bxc4 Bxc3+ 10. bxc3 b5 11. Be2 a4 12. Qb4 Ne7 13. Bg5 Na6 14. Qb2 Nc7 15. Bf3 Ncd5 16. Ne2 Qd7 17. O-O Bg4 18. Bxg4 hxg4 19. Bxe7 Qxe7 20. g3 g5 21. h5 f5 22. c4 Qh7 23. Rfc1 Qxh5 24. Kf1 Qh1+ 25. Ng1 Rh2 26. Rc2 Qg2+ 27. Ke2 Qxf2+ 28. Kd3 Qe3# 0-1


[Site "https://www.chess.com"]

[Event "Titled Tuesday Blitz January 18 2022"]
[White "Kravtsiv, Martyn"]
[Black "Tania, Sachdev"]
[WhiteFideId "14113147"]
[BlackFideId "5007844"]
[WhiteElo "2694"]
[BlackElo "2280"]
[Result "1-0"]
[Round "03"]
[TimeControl "180+1"]
[Date "2022.01.18"]
[WhiteClock "0:02:29"]
[BlackClock "0:02:13"]

1. e4 e5 2. Nf3 Nc6 3. Nc3 Nf6 4. a4 Bb4 5. Bd3 d6 6. O-O O-O 7. Nd5 Nxd5 8. exd5 Nb8 9. c3 Bc5 10. b4 f5 11. Bc2 e4 12. Ne1 Bxf2+ 13. Rxf2 Nd7 14. d3 Nf6 15. dxe4 Nxe4 16. Bxe4 fxe4 17. Rxf8+ Qxf8 18. Nc2 Qf6 19. Qd4 Qh4 20. Bd2 1-0


[Site "https://www.chess.com"]

[Event "Titled Tuesday Blitz January 18 2022"]
[White "Kucuksari, Kaan"]
[Black "Tabatabaei, M. Amin"]
[WhiteFideId "6380166"]
[BlackFideId "12521213"]
[WhiteElo "2305"]
[BlackElo "2585"]
[Result "0-1"]
[Round "03"]
[TimeControl "180+1"]
[Date "2022.01.18"]
[WhiteClock "0:00:05"]
[BlackClock "0:01:41"]

1. d4 e6 2. c4 b6 3. e4 Bb7 4. Bd3 Nc6 5. Nf3 Nb4 6. Nc3 Nxd3+ 7. Qxd3 Bb4 8. O-O Ne7 9. Ne2 Ng6 10. c5 bxc5 11. a3 c4 12. Qxc4 Be7 13. Ng3 O-O 14. Be3 d5 15. Qc2 dxe4 16. Nxe4 Rb8 17. Ne5 Nxe5 18. dxe5 Qd5 19. f3 Qxe5 20. Bxa7 Bxe4 21. Qxe4 Qxe4 22. fxe4 Rxb2 23. Bd4 Rd2 24. Be5 c5 25. Rf2 Rd3 26. Rc2 f6 27. Bg3 Ra8 28. a4 Rd4 29. a5 Rxe4 30. a6 Rb4 31. Rd2 c4 32. Rd7 Bc5+ 33. Kf1 c3 34. Rc7 c2 35. Rxc5 Rb1+ 36. Be1 Rxa1 37. Rxc2 R8xa6 38. Rc8+ Kf7 39. Rc7+ Kg6 40. Ke2 R6a2+ 41. Bd2 Rg1 42. Kf2 Rxg2+ 43. Kxg2 Rxd2+ 44. Kg3 e5 45. h4 h5 46. Rc3 Rd4 47. Rf3 Rg4+ 48. Kh3 Kf7 49. Ra3 g5 50. Ra7+ Kg6 51. hxg5 Rxg5 52. Ra4 Rg4 53. Ra8 e4 54. Re8 f5 55. Re7 Kg5 56. Re8 Kf4 57. Ra8 Rg3+ 58. Kh4 Rc3 59. Ra4 Kf3 60. Kg5 f4 61. Kf5 Rc5+ 0-1


[Site "https://www.chess.com"]

[Event "Titled Tuesday Blitz January 18 2022"]
[White "Kukhmazov, Arsen"]
[Black "Tsyhanchuk, Stanislav"]
[WhiteFideId "24108260"]
[BlackFideId "13505130"]
[WhiteElo "2487"]
[BlackElo "2078"]
[Result "0-1"]
[Round "03"]
[TimeControl "180+1"]
[Date "2022.01.18"]
[WhiteClock "0:01:39"]
[BlackClock "0:01:33"]

1. b3 c5 2. Bb2 Nc6 3. f4 Nf6 4. Nf3 d5 5. e3 g6 6. Bb5 Bd7 7. O-O Bg7 8. d3 O-O 9. Qe2 a6 10. Bxc6 Bxc6 11. Nbd2 b5 12. Ne5 Bb7 13. Rad1 e6 14. e4 dxe4 15. Nxe4 Qc7 16. Ng5 Nd5 17. Rde1 Rae8 18. Qg4 c4 19. dxc4 Qb6+ 20. Kh1 Ne3 21. Qh3 Bxg2+ 22. Qxg2 Nxg2 23. Kxg2 f6 24. c5 Qc7 0-1


[Site "https://www.chess.com"]